 Dungeon Crawl Stone Soup version 0.32-a0-656-g3542139ebd (webtiles) character file.

Game seed: 13282376734095817306

58 Dittersdorf the Shield-Bearer (level 4, -1/29 HPs)
             Began as a Gargoyle Fighter on Mar 8, 2024.
             Slain by an orc wizard
             ... wielding a +0 dagger
              (4 damage)
             ... on level 3 of the Dungeon.
             The game lasted 00:02:10 (1169 turns).

Dittersdorf the Shield-Bearer (Gargoyle Fighter)    Turns: 1169, Time: 00:02:10

Health: -1/29      AC: 13    Str: 24    XL:     4   Next: 2%
Magic:  4/4        EV: 10    Int:  9    God:
Gold:   95         SH:  4    Dex:  9    Spells: 3/3 levels left

rFire   . . .        a - +0 flail
rCold   + . .        c - +0 buckler
rNeg    + . .        k - +2 ring mail of Cocytus {rC+ Str+3 SInv}
rPois   ∞            (no helmet)
rElec   +            (no cloak)
rCorr   .            l - +1 pair of gloves
SInv    +            (no boots)
Will    .....        (no amulet) Stlth
                     (no ring)
HPRegen 0.24/turn    (no ring)
MPRegen 0.09/turn

%: no passive effects
@: silenced
A: sickness immunity, AC +3, negative energy resistance 1, electricity
resistance, torment resistance 1, petrification resistance
a: no special abilities


You were on level 3 of the Dungeon.
You visited 1 branch of the dungeon, and saw 3 of its levels.

You collected 95 gold pieces.

Inventory:

Hand Weapons
 a - a +0 flail (weapon)
Armour
 c - a +0 buckler (worn)
 k - the +2 ring mail of Cocytus (worn) {rC+ Str+3 SInv}
   (You found it on level 2 of the Dungeon)

   Str+3:     It affects your strength (+3).
   rC+:       It protects you from cold.
   SInv:      It lets you see invisible.
 l - a +1 pair of gloves (worn)
Scrolls
 b - 2 scrolls of blinking {unknown}
 e - 3 scrolls of noise {unknown}
 f - 2 scrolls of identify {unknown}
 g - 2 scrolls of teleportation {unknown}
Potions
 d - a potion of might
 h - 4 potions of curing {unknown}
 m - a potion of invisibility {unknown}
 n - a potion of lignification {unknown}
 o - a potion of magic {unknown}


   Skills:
 + Level 3.8 Fighting
 + Level 2.6 Maces & Flails
 + Level 3.8 Armour
 + Level 3.9 Shields


You had 3 spell levels left.
You didn't know any spells.
Your spell library contained the following spells:

 Spells                   Type           Power      Damage    Failure   Level
 Petrify                  Alch/Erth      0%         N/A       100%        4
 Irradiate                Conj/Alch      0%         3d11      100%        5
 Sublimation of Blood     Necr           Unusable   N/A       N/A         2

Dungeon Overview and Level Annotations

Branches:
Dungeon (3/15)

Altars:

Shops:
D:1 ?   D:2 [


Innate Abilities, Weirdness & Mutations

You are immune to sickness and miasma.
Your stone body is resilient. (AC +3)
You are immune to poison.
You resist negative energy. (rN+)
You are resistant to electric shocks. (rElec)
You are resistant to unholy torment.
You are immune to petrification.


Message History

* * * LOW HITPOINT WARNING * * *
You bump into the rock wall.
The bat closely misses you.
The orc wizard hits you but does no damage.
The bat hits you but does no damage.
You barely miss the bat.
You feel less confused. The bat barely misses you.
The orc wizard barely misses you. You block the orc wizard's attack.
You barely miss the bat. The bat hits you but does no damage. x2
The orc wizard hits you but does no damage.
As you read the scroll labelled LUMAZA ZESICO, it crumbles to dust.
It is a scroll of enchant armour.
Your +0 pair of gloves glows green for a moment.
You block the bat's attack.
The orc wizard hits you but does no damage.
As you read the scroll labelled ZAIGGE HUAZOAPT, it crumbles to dust.
A profound silence engulfs you.
It was a scroll of silence.
The bat barely misses you. You block the orc wizard's attack.
The bat hits you but does no damage.
You completely miss the bat. The bat hits you but does no damage.
The orc wizard hits you but does no damage.
You closely miss the bat. The bat hits you but does no damage.
You block the bat's attack. You block the orc wizard's attack.
The bat hits you but does no damage.
You barely miss the bat. The bat closely misses you.
The orc wizard hits you but does no damage.
The bat hits you but does no damage.
The orc wizard hits you but does no damage.
You closely miss the bat. The bat hits you but does no damage. x2
The orc wizard hits you but does no damage.
You closely miss the bat. The bat hits you but does no damage. x2
The orc wizard hits you with a +0 dagger.
* * * LOW HITPOINT WARNING * * *
The bat closely misses you.
You sock the bat!
You kill the bat!
The orc wizard hits you but does no damage.
You block the jelly's attack.
The orc wizard hits you with a +0 dagger.
You die...

### ..# #.# ### #o# #.. #o#
#.# #o# #.# #o# #.# #@# #.# #
#J# #.#
#...##.####.###########
...J....................
......................>#
.......................#
.......................#
........................
#............................#


You could see a jelly, an orc priest, 2 orc wizards and an orc.

Vanquished Creatures
  2 adders
  A dart slug (D:3)
  2 endoplasms
  2 giant cockroaches
  3 goblins
  9 hobgoblins
  2 quokkas
  2 ball pythons
  4 bats
  2 frilled lizards
  4 kobolds
  2 rats
35 creatures vanquished.

Notes
Turn   | Place    | Note
-------+----------+-------------------------------------------
     0 | D:1      | Dittersdorf the Gargoyle Fighter began the quest for the
                  | Orb.
     0 | D:1      | Reached XP level 1. HP: 14/14 MP: 1/1
   106 | D:1      | Reached XP level 2. HP: 18/19 MP: 2/2
   419 | D:1      | Found Otutyuw's Magic Scroll Shop.
   657 | D:2      | Identified the +2 ring mail of Cocytus {rC+ Str+3 SInv}
   734 | D:2      | Found Doojomost's Antique Armour Emporium.
   765 | D:2      | Reached XP level 3. HP: 23/23 MP: 3/3
  1076 | D:3      | Found a faded altar of an unknown god.
  1134 | D:3      | Reached XP level 4. HP: 29/29 MP: 4/4
  1169 | D:3      | Slain by an orc wizard

Illustrated notes

Levels and vault maps discovered:
D:1:      dpeg_arrival_court, layout_rooms, serial_shops,
          nicolae_shop_window_shopping
D:2:      layout_rooms, serial_shops, nicolae_shop_stone
D:3:      layout_basic, grunt_qazlal_clouds,
          shapermc_ecumenical_altar_starsandcircs

Action                     |  1- 3 |  4- 6 || total
---------------------------+-------+-------++-------
  Melee: Flail             |   136 |     8 ||   144
    Use: Scroll            |       |     2 ||     2
 Armour: Scale mail        |    66 |       ||    66
         Ring mail         |    37 |    26 ||    63
  Dodge: Dodged            |    64 |    11 ||    75
  Block: Buckler           |    37 |     6 ||    43

Table legend: (Time is in decaauts)
 A = Elapsed time spent in this place.
 B = Non-inter-level travel time spent in this place.
 C = Inter-level travel time spent in this place.
 D = Time resting spent in this place.
 E = Time spent auto-exploring this place.
 F = Levels seen in this place.
 G = Mean time per level.
                   A        B        C        D        E       F      G
               +--------+--------+--------+--------+--------+-----+--------+
         Total |   1213 |   1145 |     68 |      0 |    747 |   3 |  404.3 |
       Dungeon |   1213 |   1145 |     68 |      0 |    747 |   3 |  404.3 |
               +--------+--------+--------+--------+--------+-----+--------+

Top non-repeatable levels by time:
     D:1: 638 daAuts
     D:2: 404 daAuts
     D:3: 170 daAuts
